 Dungeon Crawl Stone Soup version 0.27-a0-1555-g0e7b3fb1d2 (webtiles) character file.

Game seed: 11825609150311476154

457 Morbidden the Gusty (level 6, -3/44 HPs)
             Began as a Demonspawn Air Elementalist on July 15, 2021.
             Slain by a gnoll (7 damage)
             ... on level 4 of the Dungeon.
             The game lasted 00:05:31 (5045 turns).

Morbidden the Gusty (Demonspawn Air Elementalist)   Turns: 5045, Time: 00:05:32

Health: -3/44      AC:  6    Str:  9    XL:     6   Next: 77%
Magic:  0/11       EV: 12    Int: 18    God:
Gold:   208        SH:  0    Dex: 13    Spells: 5/12 levels left

rFire    . . .     SeeInvis .   a - +1 dagger (venom)
rCold    . . .     Faith    .   (no shield)
rNeg     + . .     Spirit   .   c - +0 robe
rPois    .         Reflect  .   j - +0 helmet
rElec    .         Harm     .   (no cloak)
rCorr    .         Rampage  .   (no gloves)
Will     .....                  (no boots)
Stlth    ++........             (no amulet)
HPRegen  0.14/turn              g - ring of positive energy
MPRegen  0.12/turn              (no ring)

@: brilliant, attractive, very slightly contaminated, invisible
A: yellow scales 2
a: no special abilities


You were on level 4 of the Dungeon.
You visited 1 branch of the dungeon, and saw 4 of its levels.

You collected 208 gold pieces.

Inventory:

Hand Weapons
 a - a +1 dagger of venom (weapon)
Missiles
 d - 10 poisoned darts (quivered)
 e - 6 javelins
 p - a throwing net
Armour
 c - a +0 robe (worn)
 j - a +0 helmet (worn)
Jewellery
 g - a ring of positive energy (left hand)
Scrolls
 b - 3 scrolls of enchant weapon {unknown}
 i - a scroll of summoning {unknown}
 k - a scroll of identify {unknown}
 n - a scroll of blinking {unknown}
 r - a scroll of magic mapping {unknown}
 s - a scroll of teleportation {unknown}
Potions
 q - a potion of lignification {unknown}
 t - a potion of resistance {unknown}


   Skills:
 * Level 1.7 Fighting
 + Level 1.2 Short Blades
 + Level 2.7 Dodging
 + Level 2.2 Stealth
 + Level 0.5 Unarmed Combat
 * Level 3.8 Spellcasting
 + Level 2.5 Conjurations
 * Level 4.3 Air Magic


You had 5 spell levels left.
You knew the following spells:

 Your Spells              Type           Power      Damage    Failure   Level
a - Shock                 Conj/Air       92%        1d8       3%          1
b - Static Discharge      Conj/Air       23%        N/A       5%          2
c - Airstrike             Air            14%        N/A       26%         4

Your spell library contained the following spells:

 Spells                   Type           Power      Damage    Failure   Level
 Swiftness                Air            28%        N/A       8%          3
 Animate Skeleton         Necr           10%        N/A       16%         1
 Corona                   Hex            5%         N/A       16%         1
 Pain                     Necr           20%        1d5       16%         1
 Ensorcelled Hibernation  Hex/Ice        10%        N/A       22%         2
 Conjure Flame            Conj/Fire      11%        6-21      26%         3
 Ignite Poison            Fire/Tmut/Pois 5%         N/A       41%         3
 Tukima's Dance           Hex            5%         N/A       41%         3
 Vampiric Draining        Necr           2%         2d6       41%         3
 Sticky Flame             Conj/Fire      11%        2d3       65%         4


Dungeon Overview and Level Annotations

Branches:
Dungeon (4/15)
 Temple: D:4-7

Altars:

Shops:
D:4 =


Innate Abilities, Weirdness & Mutations

You are mostly covered in yellow scales. (AC +3)


Message History

The gnoll is moderately wounded.
The gnoll hits you with a +5 vorpal spear!
* * * LOW HITPOINT WARNING * * *
x2 Unknown command.
Casting: Shock (safe; 3% risk of failure)
Confirm with . or Enter, or press ? or * to list all spells.
Aiming: Shock (safe; 3% risk of failure)
Press: ? - help, Shift-Dir - straight line The zap hits the gnoll.
The gnoll is moderately wounded.
The zap hits the orc.
You kill the orc!
The zap hits the orc.
The orc is moderately wounded.
The zap hits the orc.
The orc is severely wounded.
The zap hits the gnoll.
The gnoll is severely wounded.
The gnoll closely misses you.
Unknown command.
Unknown command.
You feel better.
The gnoll hits you with a +5 vorpal spear.
* * * LOW HITPOINT WARNING * * *
x2 Unknown command.
Unknown command.
Unknown command.
Unknown command.
Unknown command.
It was a potion of brilliance.
You feel clever all of a sudden. The gnoll completely misses you.
Unknown command.
Unknown command.
Unknown command.
Unknown command.
You barely miss the gnoll.
The gnoll is almost dead.
The gnoll hits you with a +5 vorpal spear!
You die...

##
#############
#)'..........
#o#..........
#g#.........(
#@#.....?:...
###+#########


You could see a gnoll (very poisoned) and an orc.

Vanquished Creatures
  An ogre (D:4)
  2 scorpions (D:4)
  An orc wizard (D:4)
  Robin (D:2)
  6 gnolls (D:4)
  2 adders (D:2)
  2 howler monkey skeletons (D:4)
  An adder skeleton (D:4)
  A worm (D:2)
  A dart slug (D:3)
  7 orcs
  7 endoplasms
  4 giant cockroaches
  18 goblins
  7 hobgoblins
  12 jackals
  12 kobolds
  3 quokkas
  5 ball pythons
  4 bats
  3 frilled lizards
  4 rats
104 creatures vanquished.

Notes
Turn   | Place    | Note
-------+----------+-------------------------------------------
     0 | D:1      | Morbidden the Demonspawn Air Elementalist began the quest
                  | for the Orb.
     0 | D:1      | Reached XP level 1. HP: 13/13 MP: 3/3
   213 | D:1      | Gained mutation: You are partially covered in yellow
                  | scales. (AC +2) [demonic ancestry]
   213 | D:1      | Reached XP level 2. HP: 9/19 MP: 0/5
   394 | D:1      | Reached skill level 3 in Air Magic
  1057 | D:2      | Gained mutation: You are mostly covered in yellow scales.
                  | (AC +3) [demonic ancestry]
  1057 | D:2      | Reached XP level 3. HP: 15/24 MP: 6/6
  1282 | D:2      | Learned a level 2 spell: Static Discharge
  2620 | D:2      | Reached XP level 4. HP: 31/31 MP: 6/8
  2629 | D:2      | Noticed Robin
  2721 | D:2      | Killed Robin
  3142 | D:3      | Found a faded altar of an unknown god.
  4026 | D:4      | Learned a level 4 spell: Airstrike
  4027 | D:4      | Reached skill level 1 in Fighting
  4051 | D:4      | Noticed a scorpion
  4061 | D:4      | Killed a scorpion
  4062 | D:4      | Reached skill level 1 in Short Blades
  4062 | D:4      | Reached XP level 5. HP: 20/37 MP: 1/9
  4590 | D:4      | Reached XP level 6. HP: 15/43 MP: 1/11
  4863 | D:4      | Found Uwkuniuf's Jewellery Shoppe.
  5016 | D:4      | Reached skill level 4 in Air Magic
  5045 | D:4      | Slain by a gnoll

Illustrated notes

Levels and vault maps discovered:
D:1:      enne_arrival_octagon_isle, layout_basic, minivault_5
D:2:      layout_loops_corners, kennysheep_generic_room_14, uniq_robin
D:3:      layout_loops_ring, basic_ecumenical_altar
D:4:      lemuel_castle_with_subvaults [lemuel_castle_interior_carwin_1],
          layout_cave_pools, mainiacjoe_overflow_tiny_flanked, serial_shops,
          shop, ebering_ghost_disaster_area, uniq_sigmund

Skill      XL: |  1  2  3  4  5  6 |
---------------+-------------------+-----
Air Magic      | 3 4 |  4.3
Dodging        | 2 |  2.7
Conjurations   | 2 |  2.5
Spellcasting   | 3 |  3.8
Fighting       | 1 |  1.7
Short Blades   | 1 |  1.2
Stealth        | 2 |  2.2
Unarmed Combat | |  0.5

Action                   |  1- 3 |  4- 6 || total
-------------------------+-------+-------++-------
Melee: Dagger            |    82 |   123 ||   205
       Unarmed           |     4 |       ||     4
       Punch             |     1 |       ||     1
Throw: Dart              |       |     2 ||     2
 Cast: Shock             |    39 |    79 ||   118
       Static Discharge  |     1 |     4 ||     5
  Use: Potion            |       |     6 ||     6
 Stab: Sleeping          |     5 |     2 ||     7
Armor: Robe              |    22 |    44 ||    66
Dodge: Dodged            |    60 |   103 ||   163

Table legend: (Time is in decaauts)
 A = Elapsed time spent in this place.
 B = Non-inter-level travel time spent in this place.
 C = Inter-level travel time spent in this place.
 D = Time resting spent in this place.
 E = Time spent auto-exploring this place.
 F = Levels seen in this place.
 G = Mean time per level.
                   A        B        C        D        E       F      G
               +--------+--------+--------+--------+--------+-----+--------+
         Total |   5038 |   4854 |    184 |    620 |   3592 |   4 | 1259.5 |
       Dungeon |   5038 |   4854 |    184 |    620 |   3592 |   4 | 1259.5 |
               +--------+--------+--------+--------+--------+-----+--------+

Top non-repeatable levels by time:
     D:2: 2144 daAuts
     D:4: 1094 daAuts
     D:1: 996 daAuts
     D:3: 803 daAuts
